 Dungeon Crawl Stone Soup version 0.30-a0-629-gd54f4be4f7 (webtiles) character file.

Game seed: 17202070200993610450

4142 bmack86 the Fighter (level 10, -7/93 HPs)
             Began as a Minotaur Fighter on Jan 12, 2023.
             Was an Elder of Okawaru.
             Mangled by an orc warlord
             ... wielding a +3 battleaxe
              (25 damage)
             ... in a bailey.
             The game lasted 00:19:32 (6238 turns).

bmack86 the Fighter (Minotaur Fighter)              Turns: 6238, Time: 00:19:33

Health: -7/93      AC: 18    Str: 25    XL:     10   Next: 7%
Magic:  0/12       EV: 14    Int:  5    God:    Okawaru [****..]
Gold:   1067       SH:  6    Dex: 10    Spells: 9/9 levels left

rFire   . . .      SeeInvis .    D - +3 broad axe
rCold   . . .      Faith    .    c - +0 buckler
rNeg    . . .      Spirit   .    E - +0 plate armour
rPois   .          Reflect  .    (helmet restricted)
rElec   .          Harm     .    (no cloak)
rCorr   .          Rampage  .    b - +1 pair of gloves {infuse}
Will    .....                    (no boots) Stlth
                                 (no amulet)
HPRegen 0.35/turn                t - +4 ring of slaying
MPRegen 0.13/turn                A - +5 ring of evasion

@: mighty, heroic
A: horns 2, retaliatory headbutt
a: Renounce Religion, Heroism, Finesse


You were in a bailey.
You worshipped Okawaru.
Okawaru was greatly pleased with you.
You visited 2 branches of the dungeon, and saw 8 of its levels.
You also visited: Bailey.

You collected 1200 gold pieces.
You spent 133 gold pieces at shops.

Inventory:

Hand Weapons
 q - the +9 mace of Huilaj {flame, rElec}
   (You took it off an orc on level 4 of the Dungeon)

   rElec:     It insulates you from electricity.
 u - a +0 broad axe
 D - a +3 broad axe (weapon)
Missiles
 k - 5 boomerangs (quivered)
 o - 6 poisoned darts
 v - 2 throwing nets
Armour
 b - a +1 pair of gloves of infusion (worn)
 c - a +0 buckler (worn)
 h - a +1 pair of gloves
 s - a +2 pair of gloves
 x - a +0 ring mail of cold resistance
 C - a +0 scale mail
 E - a +0 plate armour (worn)
Jewellery
 t - a +4 ring of slaying (left hand)
 A - a +5 ring of evasion (right hand)
Wands
 n - a wand of paralysis (10)
 p - a wand of flame (15)
Scrolls
 a - a scroll of fear {unknown}
 e - 3 scrolls of immolation
 r - 2 scrolls of teleportation
 y - a scroll of identify
 F - a scroll of enchant armour
Potions
 d - a potion of might
 f - 4 potions of curing
 g - 4 potions of brilliance
 i - a potion of flight
 j - a potion of attraction
 l - 4 potions of heal wounds
 m - 2 potions of resistance {unknown}
 w - 2 potions of berserk rage {unknown}
 z - a potion of invisibility {unknown}
 B - a potion of haste {unknown}
 G - a potion of cancellation {unknown}


   Skills:
 * Level 9.8(14.8) Fighting
 * Level 9.3(14.3) Axes
 + Level 4.7(9.7) Throwing
 + Level 7.2(12.2) Armour
 + Level 7.2(12.2) Shields
 + Level 4.4 Invocations


You had 9 spell levels left.
You didn't know any spells.
Your spell library contained the following spells:

 Spells                   Type           Power      Damage    Failure   Level
 Sting                    Tmut/Pois      0%         1d3       99%         1
 Ensorcelled Hibernation  Hex/Ice        0%         N/A       100%        2
 Passwall                 Tmut/Erth      0%         N/A       100%        2
 Poisonous Vapours        Pois/Air       0%         N/A       100%        2
 Swiftness                Air            0%         N/A       100%        3
 Leda's Liquefaction      Hex/Erth       0%         N/A       100%        4
 Olgreb's Toxic Radiance  Pois           0%         N/A       100%        4
 Lee's Rapid Deconstruct  Erth           0%         3d4*      100%        5
 Statue Form              Tmut/Erth      0%         N/A       100%        6


Dungeon Overview and Level Annotations

Branches:
Dungeon (7/15)             Temple (1/1) D:4          Bailey (1/1)

Altars:
Ashenzari
Cheibriados
Dithmenos
Elyvilon
Fedhas
Gozag
Hepliaklqana
Kikubaaqudgha
Makhleb
Nemelex Xobeh
Okawaru
Qazlal
Ru
Sif Muna
Trog
Uskayaw
Wu Jian
Xom
Yredelemnul
Zin
The Shining One

Shops:
D:5 *?

Annotations:
D:2 1 runed translucent door, Crazy Yiuf
Temple 2 transporters


Innate Abilities, Weirdness & Mutations

You have a pair of horns on your head.
You reflexively headbutt those who attack you in melee.


Message History

You block the orc knight's attack.
You slice the orc knight!! You headbutt the orc knight!
You kill the orc knight!
Okawaru is honoured by your kill.
You have reached level 10!
You slash the goblin!
You kill the goblin!
Okawaru accepts your kill.
You slice the orc warrior!!
You kill the orc warrior!
Okawaru accepts your kill.
You barely miss the orc. The orc completely misses you.
You slash the orc!
You kill the orc!
You slice the goblin!!
You kill the goblin!
You slice the hobgoblin!!
You kill the hobgoblin!
Okawaru accepts your kill.
You closely miss the orc warrior. You block the orc warrior's attack.
You slash the orc warrior! You headbutt the orc warrior!
You kill the orc warrior!
Okawaru accepts your kill.
You can now speed up your combat.
You slice the orc warlord!! You headbutt the orc warlord!
The orc warlord is moderately wounded.
You closely miss the orc warlord.
The orc warlord is moderately wounded.
The orc warlord hits you with a +3 battleaxe!
You slash the orc warlord!
The orc warlord is heavily wounded.
The orc warlord hits you with a +3 battleaxe!!
* * * LOW HITPOINT WARNING * * *
You barely miss the orc warlord.
The orc warlord is heavily wounded.
The orc warlord hits you with a +3 battleaxe.
* * * LOW HITPOINT WARNING * * *
You barely miss the orc warlord.
The orc warlord is moderately wounded.
The orc warlord hits you with a +3 battleaxe!!
You die...

##.......## #.........#
##.........##
#######.....⌠.....#######
##.....##)........##.....##
#.......))........')......#
##.......##.......##)......##
#.........#.......#.........#
##.........##88@88##.........##
#.....⌠.....###o###.....⌠.....#
#.........## ... ##.........##
#.........# ..... #.........#
#.).)...##.......##.......##
#.))....#.........#.......#
##.....##.........##.....##
##)####...........####'##
##.....## ##...))##


You could see an orc warlord.

Vanquished Creatures
  3 orc knights (Bailey)
  Sigmund (D:6)
  Duvessa (D:5)
  9 orc warriors (Bailey)
  An ice beast (D:6)
  An ogre (D:5)
  A centaur (D:7)
  2 phantoms
  2 bullfrogs
  A scorpion (D:4)
  5 wights (D:5)
  Dowan (D:5)
  A howler monkey (D:6)
  2 jellies
  A hound (D:5)
  5 orc priests
  2 iguanas
  4 orc wizards
  Terence (D:2)
  14 gnolls
  8 adders
  A shadow imp (D:7)
  2 white imps
  2 ufetubi
  2 worms
  5 dart slugs
  29 orcs
  5 bats
  3 endoplasms
  2 giant cockroaches (D:1)
  21 goblins
  16 hobgoblins
  7 jackals
  5 quokkas
  4 ball pythons
  3 frilled lizards
  5 kobolds
  5 rats
183 creatures vanquished.

Vanquished Creatures (others)
  A howler monkey (D:7)
1 creature vanquished.

Grand Total: 184 creatures vanquished

Notes
Turn   | Place    | Note
-------+----------+-------------------------------------------
     0 | D:1      | bmack86 the Minotaur Fighter began the quest for the Orb.
     0 | D:1      | Reached XP level 1. HP: 19/19 MP: 0/0
   241 | D:1      | Reached XP level 2. HP: 19/27 MP: 1/1
   563 | D:1      | Reached XP level 3. HP: 33/33 MP: 2/2
  1139 | D:2      | Reached XP level 4. HP: 28/41 MP: 3/3
  1255 | D:2      | Found a basalt altar of Yredelemnul.
  1258 | D:2      | Noticed Terence
  1267 | D:2      | Killed Terence
  1374 | D:2      | Found a runed translucent door.
  1375 | D:2      | Noticed Crazy Yiuf
  1784 | D:3      | Found a broken altar of Ashenzari.
  1808 | D:3      | Reached XP level 5. HP: 44/47 MP: 4/4
  1809 | D:3      | Reached skill level 5 in Fighting
  2233 | D:3      | Reached skill level 1 in Throwing
  2507 | D:4      | Upgraded the game from 0.30-a0-626-gd6a5dd7a1f to
                  | 0.30-a0-629-gd54f4be4f7
  2531 | D:4      | Found a staircase to the Ecumenical Temple.
  2547 | Temple   | Entered the Ecumenical Temple
  2547 | Temple   | Found a transporter.
  2547 | Temple   | Found a transporter.
  2549 | Temple   | Found a transporter.
  2549 | Temple   | Found a transporter.
  2568 | Temple   | Became a worshipper of Warmaster Okawaru
  2736 | D:4      | Identified the +9 mace of Huilaj {flame, rElec}
  2737 | D:4      | Reached XP level 6. HP: 56/56 MP: 5/5
  3163 | D:5      | Entered Level 5 of the Dungeon
  3369 | D:5      | Reached skill level 5 in Axes
  3425 | D:5      | Reached skill level 1 in Invocations
  3439 | D:5      | Noticed Duvessa
  3444 | D:5      | Noticed Dowan
  3445 | D:5      | Killed Duvessa
  3446 | D:5      | Reached skill level 5 in Shields
  3446 | D:5      | Reached XP level 7. HP: 60/63 MP: 6/6
  3458 | D:5      | Killed Dowan
  3458 | D:5      | Reached * piety under Okawaru
  3582 | D:5      | Reached skill level 5 in Armour
  3626 | D:5      | Found Ozaafros's Magic Scroll Shoppe.
  3634 | D:5      | Bought a scroll of identify for 28 gold pieces
  3634 | D:5      | Bought a scroll of enchant armour for 105 gold pieces
  3665 | D:5      | Found Wienaer's Assorted Antiques.
  4220 | D:6      | Reached XP level 8. HP: 61/71 MP: 8/8
  4427 | D:6      | Identified a scroll of acquirement
  4427 | D:6      | Acquired 908 gold pieces
  4555 | D:6      | Reached ** piety under Okawaru
  4767 | D:6      | Noticed Sigmund
  4777 | D:6      | Killed Sigmund
  5025 | D:6      | Found a basalt altar of Yredelemnul.
  5487 | D:7      | Found a flagged portal.
  5518 | D:7      | Identified the +7 hand axe "Usoidagi" {heavy, *Corrode rC+
                  | Str+9}
  5696 | Bailey   | Entered a bailey
  5717 | Bailey   | Reached XP level 9. HP: 69/81 MP: 2/10
  5968 | Bailey   | Noticed an orc knight
  5982 | Bailey   | Killed an orc knight
  5982 | Bailey   | Reached *** piety under Okawaru
  6036 | Bailey   | Noticed an orc knight
  6048 | Bailey   | Killed an orc knight
  6215 | Bailey   | Noticed an orc knight
  6215 | Bailey   | Noticed an orc warlord
  6225 | Bailey   | Killed an orc knight
  6226 | Bailey   | Reached XP level 10. HP: 56/92 MP: 5/12
  6233 | Bailey   | Reached **** piety under Okawaru
  6238 | Bailey   | Mangled by an orc warlord

Illustrated notes

Levels and vault maps discovered:
D:1:      dpeg_arrival_concentric_ovals, layout_basic
D:2:      layout_basic, basic_altar, uniq_terence, uniq_crazy_yiuf_cottage
D:3:      layout_rooms, ashenzari_altar_1
D:4:      layout_basic, minmay_temple_entry_tees
D:5:      layout_loops_ring, serial_shops, shop, shop, serial_bayou_ford_a,
          hangedman_abyss_or_decor_stagger, uniq_duvessa
D:6:      layout_cave_pools, mainiacjoe_overflow_24_doors, uniq_sigmund
D:7:      layout_rooms, enter_bailey_2
Temple:   hellmonk_temple_divided_pantheon
Bailey:   bailey_axe_minmay_hex_keep, bailey

Skill      XL: |  1  2  3  4  5  6  7  8  9 |
---------------+----------------------------+-----
Fighting       | 4 5 6 8 9 |  9.8
Axes           | 3 4 5 6 7 9 |  9.3
Shields        | 4 5 6 7 |  7.2
Armour         | 4 5 6 7 |  7.2
Throwing       | 1 2 3 4 |  4.7
Invocations    | 1 2 3 4 |  4.4

Action                   |  1- 3 |  4- 6 |  7- 9 | 10-12 || total
-------------------------+-------+-------+-------+-------++-------
Melee: War axe           |    76 |   113 |    10 |       ||   199
       Headbutt          |    11 |    15 |    32 |     2 ||    60
       Broad axe         |       |       |   168 |    13 ||   181
Throw: Boomerang         |       |     8 |     2 |       ||    10
Invok: Heroism           |       |       |     5 |       ||     5
  Use: Scroll            |     1 |     5 |     8 |       ||    14
       Potion            |       |     1 |     1 |       ||     2
Armor: Scale mail        |    44 |    57 |    54 |       ||   155
       Ring mail         |       |       |    11 |       ||    11
       Plate armour      |       |       |    10 |       ||    10
Dodge: Dodged            |    47 |    63 |   108 |     1 ||   219
Block: Buckler           |    23 |    23 |    57 |     1 ||   104

Table legend: (Time is in decaauts)
 A = Elapsed time spent in this place.
 B = Non-inter-level travel time spent in this place.
 C = Inter-level travel time spent in this place.
 D = Time resting spent in this place.
 E = Time spent auto-exploring this place.
 F = Levels seen in this place.
 G = Mean time per level.
                   A        B        C        D        E       F      G
               +--------+--------+--------+--------+--------+-----+--------+
         Total |   6347 |   6154 |    193 |    787 |   3419 |   9 |  705.2 |
       Dungeon |   5753 |   5560 |    193 |    557 |   3353 |   7 |  821.9 |
        Temple |     50 |     50 |      0 |      0 |      0 |   1 |   50.0 |
        Bailey |    543 |    543 |      0 |    230 |     66 |   1 |  543.0 |
               +--------+--------+--------+--------+--------+-----+--------+

Top non-repeatable levels by time:
     D:5: 1436 daAuts
     D:1: 1003 daAuts
     D:2: 817 daAuts
     D:6: 780 daAuts
     D:4: 765 daAuts
     D:3: 583 daAuts
  Bailey: 543 daAuts
     D:7: 366 daAuts
  Temple: 50 daAuts
